 Dungeon Crawl Stone Soup version 0.32-a0-875-g23b751d0ae (webtiles) character file.

Game seed: 12380041738194823020

9 Kenran the Ducker (level 2, -3/24 HPs)
             Began as a Minotaur Alchemist on Mar 31, 2024.
             Slain by a quokka (5 damage)
             ... on level 2 of the Dungeon.
             The game lasted 00:00:31 (84 turns).

Kenran the Ducker (Minotaur Alchemist)                Turns: 84, Time: 00:00:31

Health: -3/24      AC:  2    Str: 12    XL:     2   Next: 3%
Magic:  1/3        EV: 11    Int: 12    God:
Gold:   10         SH:  0    Dex: 10    Spells: 2/3 levels left

rFire   . . .        (no weapon)
rCold   . . .        (no shield)
rNeg    . . .        a - +0 robe
rPois   .            (helmet restricted)
rElec   .            (no cloak)
rCorr   .            (no gloves)
SInv    .            (no boots)
Will    .....        (no amulet)
Stlth   ++           c - ring of wizardry
HPRegen 0.24/turn    (no ring)
MPRegen 0.08/turn

%: wizardry (x1)
@: no status effects
A: horns 2, retaliatory headbutt
a: no special abilities


You were on level 2 of the Dungeon.
You visited 1 branch of the dungeon, and saw 2 of its levels.

You collected 10 gold pieces.

Inventory:

Armour
 a - a +0 robe (worn)
Jewellery
 c - a ring of wizardry (left hand)


   Skills:
 - Level 2.0 Fighting
 - Level 2.1 Dodging
 - Level 1.5 Stealth
 + Level 0.4 Unarmed Combat
 - Level 1.3 Spellcasting
 - Level 0.6 Conjurations
 - Level 2.1 Alchemy


You had 2 spell levels left.
You knew the following spells:

 Your Spells              Type           Power      Damage    Failure   Level
a - Sting                 Conj/Alch      16%        1d4       7%          1

Your spell library contained the following spells:

 Spells                   Type           Power      Damage    Failure   Level
 Apportation              Tloc           0%         N/A       12%         1
 Mercury Vapours          Alch/Air       6%         N/A       12%         2
 Jinxbite                 Hex            0%         N/A       17%         2
 Mephitic Cloud           Conj/Alch/Air  3%         N/A       24%         3
 Olgreb's Toxic Radiance  Alch           6%         N/A       41%         4
 Sticky Flame             Fire/Alch      3%         2d4       56%         4
 Alistair's Intoxication  Alch           4%         N/A       75%         5


Dungeon Overview and Level Annotations

Branches:
Dungeon (1/15)

Altars:


Innate Abilities, Weirdness & Mutations

You have a pair of horns on your head.
You reflexively headbutt those who attack you in melee.


Message History

You hit the quokka but do no damage. You headbutt the quokka.
The quokka is moderately wounded.
The quokka bites you.
You barely miss the quokka.
The quokka is moderately wounded.
The quokka bites you.
You hit the quokka but do no damage.
The quokka is moderately wounded.
The quokka bites you. x2
* * * LOW HITPOINT WARNING * * *
You closely miss the quokka.
The quokka is moderately wounded.
The quokka bites you.
* * * LOW HITPOINT WARNING * * *
You closely miss the quokka.
The quokka is moderately wounded.
The quokka bites you.
* * * LOW HITPOINT WARNING * * *
Casting: Sting (safe; 7% risk of failure)
Confirm with . or Enter, or press ? or * to list all spells.
Aiming: Sting (safe; 7% risk of failure)
Press: ? - help, Shift-Dir - straight line, f/p - quokka
Aim: a quokka (moderately wounded, 51% to hit)
The sting misses the quokka.
The quokka barely misses you. Magic courses through your body.
The quokka barely misses you. You furiously retaliate!
You headbutt the quokka.
Casting: Sting (safe; 7% risk of failure)
Confirm with . or Enter, or press ? or * to list all spells.
Aiming: Sting (safe; 7% risk of failure)
Press: ? - help, Shift-Dir - straight line, f/p - quokka
Aim: a quokka (heavily wounded, 51% to hit)
The sting misses the quokka.
The quokka bites you but does no damage. x2
Casting: Sting (safe; 7% risk of failure)
Confirm with . or Enter, or press ? or * to list all spells.
Aiming: Sting (safe; 7% risk of failure)
Press: ? - help, Shift-Dir - straight line, f/p - quokka
Aim: a quokka (heavily wounded, 51% to hit)
The sting misses the quokka.
The quokka bites you.
You die...

##.. #....##.#
.# .....#....
#.# .. #...#...
#.# .#
#....####.#..#
#...........#
####.####.###
#...>.....
#####.........
#.r@...........#
#.###..........#
... #..........#
+....
#..........#
#.... #........
#..ยป. #........
#.?.. #........
####. #######


You could see a quokka.

Vanquished Creatures
  An adder (D:2)
1 creature vanquished.

Notes
Turn   | Place    | Note
-------+----------+-------------------------------------------
     0 | D:1      | Kenran the Minotaur Alchemist began the quest for the Orb.
     0 | D:1      | Reached XP level 1. HP: 14/14 MP: 1/1
     9 | D:1      | You fall into a shaft and drop 1 floor!
    27 | D:2      | Reached XP level 2. HP: 24/24 MP: 0/3
    80 | D:2      | HP: 1/24 [quokka (2)]
    84 | D:2      | Slain by a quokka

Illustrated notes

Levels and vault maps discovered:
D:1:      roadster_arrival_rocket_small, layout_loops_ring,
          minmay_tiny_reverse_x
D:2:      layout_basic, serial_shops, nicolae_shop_real_fake_doors, basic_altar

Skill      XL: |  1 |
---------------+----+-----
Fighting       | 2 |  2.0
Dodging        | |  2.1
Stealth        | |  1.5
Unarmed Combat | |  0.4
Spellcasting   | |  1.3
Conjurations   | |  0.6
Alchemy        | |  2.1

Action                     || total
---------------------------++-------
  Melee: Unarmed           ||    12
         Headbutt          ||     2
   Cast: Sting             ||     7
    Use: Potion            ||     1
 Armour: Robe              ||    14
  Dodge: Dodged            ||     6

Table legend: (Time is in decaauts)
 A = Elapsed time spent in this place.
 B = Non-inter-level travel time spent in this place.
 C = Inter-level travel time spent in this place.
 D = Time resting spent in this place.
 E = Time spent auto-exploring this place.
 F = Levels seen in this place.
 G = Mean time per level.
                   A        B        C        D        E       F      G
               +--------+--------+--------+--------+--------+-----+--------+
         Total |     83 |     83 |      0 |     32 |     21 |   2 |   41.5 |
       Dungeon |     83 |     83 |      0 |     32 |     21 |   2 |   41.5 |
               +--------+--------+--------+--------+--------+-----+--------+

Top non-repeatable levels by time:
     D:2: 74 daAuts
     D:1: 9 daAuts
